cohdb
Replays
Latest Replays
All Replays
Popular Replays
Top Player Replays
Match Explorer
How It Works
Community
CoH3 Stats
Reddit
Sign in to upload your games and track your stats! →
Sign in with Steam
Match 41412331
Unlisted
Match 41412331
Overview
Messages
Build Orders
End
Kettenkrad Recon Vehicle
Construct Infanterie Kompanie
Selects Breakthrough Battlegroup
Selects Assault Grenadiers
Grenadier Squad
MG 42 Machine Gun Team
GrW 34 Mortar Team
Selects Breakthrough
Grenadier Squad
Construct Panzergrenadier Kompanie
Medical Bunker
Pak 40 Anti-tank Gun Team
Selects Mechanized Assault Group
Mechanized Assault Group
Support Elements
Mechanized Assault Group
Nebelwerfer 42 Rocket Launcher Team
Construct Panzer Kompanie
Selects Rapid Production
Panzer IV Medium Tank
Selects Blitzkrieg
Pioneer Squad
Side Skirts
Nebelwerfer 42 Rocket Launcher Team
Pioneer Squad
Panzer IV Medium Tank
iceman
Ice9
Adam Kadmon
Maxwell cat
Looko
Boune
RafZio
Sniper Ste
0
0
Comments
sign in to comment!
No comments posted yet!